 Dungeon Crawl Stone Soup version 0.17-a0-1701-gf693a3f (webtiles) character file.

637 hexophile the Chopper (level 7, -6/56 HPs)
             Began as a Demigod Fighter on Aug 21, 2015.
             Mangled by an ogre
             ... wielding a +0 giant club
              (21 damage)
             ... on level 5 of the Dungeon.
             The game lasted 00:06:35 (3706 turns).

hexophile the Chopper (Demigod Fighter)             Turns: 3706, Time: 00:06:35

Health: -6/56      AC:  7    Str: 21    XL:     7   Next: 4%
Magic:  9/9        EV:  9    Int: 14    God:
Gold:   17         SH:  0    Dex: 15    Spells: 0 memorised, 6 levels left

rFire  . . .     SeeInvis .     t - +3 hand axe (chop)
rCold  . . .     Clarity  .     b - +1 scale mail
rNeg   . . .     SustAt   +     (no shield)
rPois  .         Gourm    .     (no helmet)
rElec  .         Spirit   .     (no cloak)
rCorr  .         Warding  .     (no gloves)
rMut   .         Stasis   .     (no boots)
MR     .....                    d - amulet of rage
Stlth  ..........               (no ring)
                                (no ring)

@: not resistant to hostile enchantments, extremely unstealthy
A: high mp 1, sustain attributes
a: Evoke Berserk Rage


You were on level 5 of the Dungeon.
You were not hungry.

You visited 1 branch of the dungeon, and saw 5 of its levels.

You collected 125 gold pieces.
You spent 108 gold pieces at shops.

Inventory:

Hand weapons
 a - a +0 war axe
 g - a +0 halberd
 t - a +3 hand axe of chopping (weapon)
Missiles
 l - 30 stones (quivered)
Armour
 b - a +1 scale mail (worn)
 c - a +0 shield
 w - a +0 plate armour
Jewellery
 d - an amulet of rage (around neck)
Scrolls
 h - a scroll of teleportation
 j - a scroll of recharging {unknown}
 k - 2 scrolls of amnesia {unknown}
 o - 3 scrolls of identify {unknown}
 v - a scroll of fog {unknown}
 x - 3 scrolls of magic mapping {unknown}
Potions
 f - a potion of heal wounds
 i - a potion of curing
 n - a potion of magic
 r - a potion of haste {unknown}
 s - a potion of ambrosia {unknown}
 u - 2 potions of brilliance {unknown}
Comestibles
 e - 3 bread rations
 m - 7 fruits
 p - a meat ration
 q - a slice of pizza


   Skills:
 - Level 2.6 Fighting
 + Level 7.4 Axes
 - Level 2.6 Armour
 - Level 2.6 Shields


You had 6 spell levels left.
You didn't know any spells.

Dungeon Overview and Level Annotations

Branches:
Dungeon (5/15)
 Temple: D:4-7

Shops:
D:4 ?   D:5 !:


Innate Abilities, Weirdness & Mutations

You have an increased reservoir of magic (+10% MP).
Your attributes are resistant to harm.


Message History

The jelly closely misses you.
You hit the jelly.
You kill the jelly!
You have reached level 7!
You hit the ogre.
The ogre is moderately wounded.
The ogre misses you.
Your scale mail prevents you from hitting the ogre.
The ogre is moderately wounded.
The ogre hits you with a giant club!
You hit the ogre.
The ogre is moderately wounded.
You hit the ogre.
The ogre is heavily wounded.
The ogre hits you with a giant club!
* * * LOW HITPOINT WARNING * * *
You barely miss the ogre.
The ogre is heavily wounded.
The ogre hits you with a giant club!!
You die...

#####.##.............#
...##.##)##########.##
......##.#....<#.##.#
...#####.#.#####....#
...#.....#....##.####
####.########.##.#
##.....#......##.#
##.#.#.#.....###.#
##.#.#...###.# #@#
##.#.###.# #.# #O#
##.#.....# #.# #.#
##[#.###.# #.# #.#
##.####### #.# #.#
.........# #.# #.#
....####.# #(# #.#
....# #.# ..# #...#
#.#


You could see an ogre.

Vanquished Creatures
  An ogre (D:4)
  A phantom (D:4)
  A scorpion (D:4)
  A jelly (D:5)
  An orc priest (D:5)
  2 hounds
  2 orc wizards (D:4)
  3 worker ants (D:4)
  An iguana (D:5)
  5 adders
  3 gnolls
  3 worms
  5 giant geckos
  8 orcs
  6 giant cockroaches
  3 goblins
  7 hobgoblins
  3 quokkas
  7 bats
  3 giant newts
  3 kobolds
  A quokka skeleton (D:4)
  6 rats
76 creatures vanquished.

Notes
Turn   | Place    | Note
--------------------------------------------------------------
     0 | D:1      | hexophile the Demigod Fighter began the quest for the Orb.
     0 | D:1      | Reached XP level 1. HP: 18/18 MP: 3/3
   257 | D:1      | Reached XP level 2. HP: 23/25 MP: 4/4
   795 | D:2      | Reached skill level 3 in Axes
   959 | D:2      | Reached XP level 3. HP: 25/30 MP: 5/5
  1335 | D:3      | Found a burning altar of Makhleb.
  1342 | D:3      | Reached skill level 4 in Axes
  1342 | D:3      | Reached XP level 4. HP: 32/37 MP: 6/6
  2203 | D:4      | Reached skill level 5 in Axes
  2203 | D:4      | Reached XP level 5. HP: 30/42 MP: 7/7
  2340 | D:4      | Reached skill level 6 in Axes
  2555 | D:4      | Noticed an ogre
  2559 | D:4      | Noticed a phantom
  2561 | D:4      | Killed an ogre
  2561 | D:4      | Reached XP level 6. HP: 50/50 MP: 8/8
  2571 | D:4      | Killed a phantom
  2773 | D:4      | Found Maublab's Magic Scroll Emporium.
  2781 | D:4      | Bought a scroll of teleportation for 33 gold pieces
  2900 | D:4      | Reached skill level 7 in Axes
  3045 | D:4      | Found a blossoming altar of Fedhas.
  3341 | D:5      | Entered Level 5 of the Dungeon
  3621 | D:5      | Found Plog's Book Shop.
  3626 | D:5      | Found Bounyp's Distillery.
  3636 | D:5      | Bought a potion of heal wounds for 75 gold pieces
  3700 | D:5      | Reached XP level 7. HP: 38/56 MP: 9/9
  3706 | D:5      | Mangled by an ogre

Vault maps used:
D:1:      dpeg_arrival_shrine, hangedman_decor_points, minivault_11
D:3:      makhleb_heckhound_becter
D:4:      serial_shops, shop_fountains, first_bread, fedhas_altar_fruit_tree
D:5:      vehumet_altar_wand_db, grunt_dithmenos_shadows,
          minmay_temple_entry_poolview, serial_shops, shop,
          nicolae_shop_window_shopping, shop, shop_fountains,
          kennysheep_mini_moat

Action                   |  1- 3 |  4- 6 |  7- 9 || total
-------------------------+-------+-------+-------++-------
Melee: War axe           |    78 |       |       ||    78
       Hand axe          |    41 |   130 |     5 ||   176
  Use: Scroll            |       |     1 |       ||     1
       Potion            |       |     6 |       ||     6
 Stab: Invisible         |       |     2 |       ||     2
  Eat: Chunk             |     2 |     7 |       ||     9
